AoeStats
← Lockhart

Arena

508526530Analyzed
1v1 RM · 10d ago on Sep 22, 2026· 37m 37s· 2 players
Game mode
Random Map
Map size
Tiny (2 player)
Population
200
Speed
Normal
Resources
Standard
Victory
Conquest
Starting age
Dark Age
Ending age
Imperial Age
RankedLock teamsTeams togetherTeam positionsShared explorationLock speedFull tech treeHidden civsTurbo modeCheats
Victory
Defeat
🇺🇸 Saxons · United States
1248
+17
🇦🇺 Burmese · Australia
1278
-17
Lockhart
10:42 Feudal Age
11:48 Double-Bit Axe
12:21 Loom
14:51 Castle Age
14:08 Horse Collar
21:10 Wheelbarrow
21:01 Scale Mail Armor
22:33 Chain Mail Armor
23:13 Forging
23:27 Arson
23:42 Squires
23:59 Fletching
25:45 Iron Casting
25:59 Bodkin Arrow
32:24 Imperial Age
33:30 Conscription
33:49 Bracer
34:08 Stone Mining
35:06 Plate Mail Armor
37:22 Conscription
mark.pollock.aus
11:23 Feudal Age
15:16 Castle Age
14:10 Horse Collar
16:17 Forging
20:42 Fletching
20:41 Loom
20:58 Gold Mining
32:22 Imperial Age
30:36 Gold Shaft Mining
29:54 Stone Mining
30:30 Heavy Plow
32:31 Wheelbarrow
31:42 Town Watch
32:26 Bloodlines
32:17 Husbandry
32:22 Bodkin Arrow
32:34 Scale Barding Armor
34:26 Chemistry
34:38 Bracer
34:36 Murder Holes
Connection lost

Rejoining the realm…

Still unreachable

The connection could not be restored.

Session expired

The server has moved on; the page needs a fresh start.